 Dungeon Crawl Stone Soup version 0.31.0-32-g396128a36d (webtiles) character file.

Game seed: 5201290444557248417

80 CmdrRubz the Chopper (level 4, 0/41 HPs)
             Began as a Minotaur Berserker on Apr 14, 2024.
             Was a Believer of Trog.
             Slain by a cerulean imp
             ... wielding a +2 spear
             ... summoned by Natasha
              (5 damage)
             ... on level 3 of the Dungeon.
             The game lasted 00:05:00 (1101 turns).

CmdrRubz the Chopper (Minotaur Berserker)           Turns: 1101, Time: 00:05:00

Health: 0/41       AC:  4    Str: 23    XL:     4   Next: 18%
Magic:  3/3        EV: 12    Int:  4    God:    Trog [**....]
Gold:   68         SH:  0    Dex: 10    Spells: 3/3 levels left

rFire   + . .        a - +0 hand axe
rCold   . . .        (no shield)
rNeg    . . .        d - +0 leather armour {rF+}
rPois   .            (helmet restricted)
rElec   .            (no cloak)
rCorr   .            i - +0 pair of gloves
SInv    .            (no boots)
Will    ++...        c - amulet of faith
Stlth   +            (no ring)
HPRegen 1.26/turn    (no ring)
MPRegen 0.08/turn

%: faith
@: strong-willed, on berserk cooldown, regenerating, slowed, very slow
A: horns 2, retaliatory headbutt
a: Renounce Religion, Berserk, Trog's Hand


You were on level 3 of the Dungeon.
You worshipped Trog.
Trog was pleased with you.
You visited 1 branch of the dungeon, and saw 3 of its levels.

You collected 68 gold pieces.

Inventory:

Hand Weapons
 a - a +0 hand axe (weapon)
Armour
 d - a +0 leather armour of fire resistance (worn)
 i - a +0 pair of gloves (worn)
Jewellery
 c - an amulet of faith (around neck)
Scrolls
 b - a scroll of poison {unknown}
 e - a scroll of revelation {unknown}
 f - 2 scrolls of identify {unknown}
Potions
 g - a potion of cancellation {unknown}
 h - 2 potions of heal wounds {unknown}


   Skills:
 + Level 4.5 Fighting
 * Level 5.2 Axes
 - Level 2.6 Armour
 - Level 2.3 Dodging


You had 3 spell levels left.
You didn't know any spells.
Your spell library was empty.

Dungeon Overview and Level Annotations

Branches:
Dungeon (3/15)

Altars:

Annotations:
D:3 Natasha


Innate Abilities, Weirdness & Mutations

You have a pair of horns on your head.
You reflexively headbutt those who attack you in melee.


Message History

Natasha casts a spell.
You completely miss the cerulean imp. You headbutt the cerulean imp.
The cerulean imp is lightly wounded.
The cerulean imp closely misses you.
You miss the cerulean imp.
The cerulean imp is lightly wounded.
The cerulean imp hits you with a +0 spear.
You barely miss the cerulean imp.
The cerulean imp is lightly wounded.
The cerulean imp closely misses you.
You slash the cerulean imp!
The cerulean imp is almost dead.
You closely miss the cerulean imp. You headbutt the cerulean imp.
You kill the cerulean imp!
The cerulean imp disappears in a puff of smoke!
You are no longer berserk.
You are exhausted.
You feel yourself slow down.
You completely miss Natasha. You headbutt Natasha, but do no damage.
Natasha claws you. The cerulean imp closely misses you.
Natasha barely misses you.
The cerulean imp hits you from afar with a +2 spear.
* * * LOW HITPOINT WARNING * * *
You barely miss Natasha. Natasha barely misses you.
The cerulean imp hits you from afar with a +2 spear.
* * * LOW HITPOINT WARNING * * *
You closely miss Natasha.
Natasha mewls in sadness.
Natasha claws you.
* * * LOW HITPOINT WARNING * * *
The cerulean imp hits you from afar with a +2 spear.
* * * LOW HITPOINT WARNING * * *
Natasha barely misses you.
The cerulean imp hits you from afar with a +2 spear.
* * * LOW HITPOINT WARNING * * *
You hit Natasha but do no damage. Your headbutt misses Natasha.
Natasha claws you.
* * * LOW HITPOINT WARNING * * *
The cerulean imp hits you from afar with a +2 spear.
You die...

#.........#
#.........#
#.........#
+.........#
#.....5...#
#..5####### ###5#
#h# # #@# . ##.
####'##+###.#
....#............
....#............ .
...............#...
.......#..#..#.#...
.......#..#.#......
..........#.+......
......#...###....#


You could see Natasha and 2 cerulean imps.

Vanquished Creatures
  Robin (D:3)
  An adder (D:2)
  3 dart slugs
  A ribbon worm (D:2)
  3 ball pythons
  2 bats (D:2)
  5 endoplasms
  2 giant cockroaches
  13 goblins
  6 hobgoblins
  4 kobolds
  A quokka (D:1)
  A frilled lizard (D:1)
  5 rats
48 creatures vanquished.

Notes
Turn   | Place    | Note
-------+----------+-------------------------------------------
     0 | D:1      | CmdrRubz the Minotaur Berserker began the quest for the
                  | Orb.
     0 | D:1      | Reached XP level 1. HP: 19/19 MP: 0/0
    56 | D:1      | You fall into a shaft and drop 1 floor!
   111 | D:1      | Reached XP level 2. HP: 25/27 MP: 1/1
   128 | D:1      | Reached skill level 4 in Axes
   314 | D:1      | Reached ** piety under Trog
   510 | D:2      | Reached XP level 3. HP: 30/33 MP: 2/2
   987 | D:3      | Noticed Robin
  1000 | D:3      | Reached skill level 5 in Axes
  1001 | D:3      | Killed Robin
  1002 | D:3      | Reached XP level 4. HP: 41/41 MP: 3/3
  1075 | D:3      | Noticed Natasha
  1101 | D:3      | Slain by a cerulean imp

Illustrated notes

Levels and vault maps discovered:
D:1:      minmay_arrival_stair_chambers, layout_rooms
D:2:      layout_basic
D:3:      layout_basic, nrook_mini_backslash, uniq_robin, uniq_natasha

Skill      XL: |  1  2  3 |
---------------+----------+-----
Axes           | 4 5 |  5.2
Fighting       | 4 |  4.5
Armour         | |  2.6
Dodging        | |  2.3

Action                     |  1- 3 |  4- 6 || total
---------------------------+-------+-------++-------
  Melee: Hand axe          |    81 |    16 ||    97
         Punch             |     2 |       ||     2
         Headbutt          |    13 |     4 ||    17
 Invoke: Berserk           |     1 |     1 ||     2
         Trog's Hand       |       |     1 ||     1
 Armour: Animal skin       |     8 |       ||     8
         Leather armour    |    34 |    25 ||    59
  Dodge: Dodged            |    39 |    12 ||    51
